 Dungeon Crawl Stone Soup version 0.24.0-123-gd5b16e6ec5 (webtiles) character file.

Game seed: 16670076847133653047, levelgen mode: deterministic

6540 Legadrian the Fighter (level 10, 0/102 HPs)
             Began as a Minotaur Fighter on Feb 4, 2020.
             Was a Believer of Trog.
             Succumbed to a spiny frog's poison
             ... on level 1 of the Lair of Beasts on Feb 9, 2020.
             The game lasted 01:24:27 (8829 turns).

Legadrian the Fighter (Minotaur Fighter)            Turns: 8829, Time: 01:24:28

Health: 0/102      AC: 22    Str: 24    XL:     10   Next: 70%
Magic:  9/9        EV:  7    Int:  5    God:    Trog [**....]
Gold:   554        SH:  9    Dex: 10    Spells: 9/9 levels left

rFire    x . .     SeeInvis .   W - +5 flail (protect)
rCold    + . .     Gourm    .   c - +0 shield
rNeg     . . .     Faith    +   T - +3 scale mail
rPois    .         Spirit   .   (helmet restricted)
rElec    .         Reflect  .   (no cloak)
rCorr    .         Harm     .   q - +0 pair of gloves
MR       .....                  N - +2 pair of boots
Stlth    ..........             X - amulet of faith
HPRegen  0.27/turn              Y - ring of ice
MPRegen  0.11/turn              b - ring of flight

@: lethally poisoned (0 -> -19), protection aura
A: retaliatory headbutt, horns 2
a: Berserk, Trog's Hand, Renounce Religion, Evoke Flight


You were on level 1 of the Lair of Beasts.
You worshipped Trog.
Trog was pleased with you.
You were hungry.

You visited 3 branches of the dungeon, and saw 11 of its levels.

You collected 554 gold pieces.

Inventory:

Hand Weapons
 u - a +2 flail of draining
 y - a +3 falchion of freezing
 G - a +0 scimitar of flaming
 H - a +0 flail of holy wrath
 M - a +2 hunting sling of flaming
 O - a +0 great sword
 V - a +1 short sword of venom
 W - a +5 flail of protection (weapon)
Missiles
 e - 339 stones
 i - 6 boomerangs
 j - 13 poisoned darts (quivered)
 k - 4 javelins
 t - 68 bolts
 v - 48 sling bullets
 w - 131 arrows
 J - 7 silver javelins
 L - 7 atropa-tipped darts
 Z - 2 throwing nets
Armour
 c - a +0 shield (worn)
 q - a +0 pair of gloves (worn)
 N - a +2 pair of boots (worn)
 T - a +3 scale mail (worn)
Jewellery
 b - a ring of flight (right hand)
 X - an amulet of faith (around neck)
 Y - a ring of ice (left hand)
Wands
 a - a wand of disintegration (16)
 S - a wand of flame (35)
Scrolls
 h - a scroll of vulnerability {unknown}
 n - a scroll of summoning {unknown}
 o - 2 scrolls of teleportation
 p - a scroll of blinking
 A - a scroll of enchant armour {unknown}
 C - 2 scrolls of random uselessness {unknown}
 D - 2 scrolls of fear {unknown}
 E - 2 scrolls of amnesia
 P - 2 scrolls of fog {unknown}
 Q - 2 scrolls of remove curse {unknown}
 R - a scroll of immolation {unknown}
 U - 2 scrolls of magic mapping
Potions
 d - 5 potions of might
 g - a potion of mutation {unknown}
 l - a potion of degeneration {unknown}
 m - 2 potions of resistance {unknown}
 r - a potion of agility
 s - 3 potions of flight
 x - 4 potions of haste
 z - a potion of invisibility
 B - 2 potions of lignification {unknown}
 F - a potion of ambrosia {unknown}
 K - a potion of curing {unknown}
Comestibles
 f - 20 rations


   Skills:
 * Level 13.9 Fighting
 * Level 4.9 Long Blades
 + Level 11.0 Maces & Flails
 - Level 1.5(1.6) Slings
 - Level 0.1(0.9) Throwing
 + Level 6.8 Armour
 - Level 0.4 Dodging
 - Level 3.6 Shields


You had 9 spell levels left.
You didn't know any spells.
Your spell library was empty.

Dungeon Overview and Level Annotations

Branches:
Dungeon (9/15)             Temple (1/1) D:6            Lair (1/6) D:9
    Orc: D:9-12

Altars:
Ashenzari
Cheibriados
Dithmenos
Elyvilon
Fedhas
Gozag
Hepliaklqana
Kikubaaqudgha
Makhleb
Nemelex Xobeh
Okawaru
Qazlal
Ru
Sif Muna
Trog
Uskayaw
Vehumet
Wu Jian
Xom
Yredelemnul
Zin
The Shining One

Annotations:
D:3 1 exclusion


Innate Abilities, Weirdness & Mutations

You reflexively headbutt those who attack you in melee.
You have a pair of horns on your head.


Message History

You feel very sick.
The spiny frog stings you but does no damage.
* * * LOW HITPOINT WARNING * * *
You feel very sick.
* * * LOW HITPOINT WARNING * * *
You feel very sick.
* * * LOW HITPOINT WARNING * * *
You feel sick.
You hit the spiny frog but do no damage.
Your weapon exudes an aura of protection.
The spiny frog is lightly wounded.
* * * LOW HITPOINT WARNING * * *
You feel very sick.
The spiny frog stings you but does no damage.
* * * LOW HITPOINT WARNING * * *
You feel sick. The spiny frog stings you.
* * * LOW HITPOINT WARNING * * *
You completely miss the spiny frog.
The spiny frog is lightly wounded.
You die...

#..# **...%..... ##.###
**.#...... #..#.#
**,....... ##....#
*,##...... #.t...#
***....... ##..#..#*
**#..... #.F####.# #.....
##F# *## ***##...# #.@#
#.##..... #**#..####
*##....... ###.##.###.#
##....#...#
*#.........####..#.....[.
#P.........###..##.......
##.....>.....#......8...8
*#...........'........>..
#.........####..#...8...8
#.........# #..##.......


You could see 2 spiny frogs and a crocodile.

Vanquished Creatures
  Erica (D:9)
  3 spiny frogs (Lair:1)
  Prince Ribbit (D:6)
  A hippogriff (D:9)
  Grum (D:7)
  Edmund (D:6)
  A water moccasin (Lair:1)
  Duvessa (D:6)
  2 orc warriors
  A porcupine (Lair:1)
  2 sky beasts
  2 ice beasts (D:6)
  A black bear (D:6)
  A phantom (D:5)
  2 ogres
  A wolf (D:7)
  2 centaurs
  4 crocodiles (Lair:1)
  3 bullfrogs
  Dowan (D:6)
  3 scorpions
  4 wights (D:7)
  12 killer bees
  3 howler monkeys (D:9)
  3 crimson imps
  A quasit (D:9)
  A gnoll shaman (D:7)
  A bullfrog zombie (D:7)
  4 orc priests
  A centaur skeleton (D:4)
  11 hounds
  6 orc wizards
  2 bullfrog skeletons
  An iguana (D:8)
  Jessica (D:2)
  6 worker ants
  A hound skeleton (D:7)
  12 gnolls
  12 adders
  3 shadow imps
  2 oozes (D:2)
  An adder skeleton (D:9)
  3 worms
  5 dart slugs
  5 leopard geckos
  40 orcs
  3 ball pythons
  7 giant cockroaches
  8 goblins
  7 hobgoblins
  10 jackals
  7 quokkas
  11 bats
  A frilled lizard (D:3)
  A jackal skeleton (D:4)
  A jackal zombie (D:2)
  9 kobolds
  2 leopard gecko skeletons
  A quokka zombie (D:5)
  8 rats (D:1)
252 creatures vanquished.

Vanquished Creatures (others)
  A wizard (D:6)
  2 plants (Lair:1)
3 creatures vanquished.

Grand Total: 255 creatures vanquished

Notes
Turn   | Place    | Note
-------+----------+-------------------------------------------
     0 | D:1      | Legadrian the Minotaur Fighter began the quest for the Orb.
     0 | D:1      | Reached XP level 1. HP: 19/19 MP: 0/0
    71 | D:1      | Reached skill level 4 in Fighting
    80 | D:1      | Reached XP level 2. HP: 22/28 MP: 1/1
   301 | D:1      | Reached skill level 5 in Fighting
   323 | D:1      | Reached XP level 3. HP: 36/36 MP: 2/2
   705 | D:2      | Found an opulent altar of Gozag.
  1036 | D:2      | Reached XP level 4. HP: 42/44 MP: 3/3
  1082 | D:2      | Noticed Jessica
  1087 | D:2      | Killed Jessica
  1087 | D:2      | Reached skill level 6 in Fighting
  1293 | D:2      | Found a sparkling altar of Nemelex Xobeh.
  1505 | D:3      | Reached XP level 5. HP: 51/51 MP: 4/4
  1546 | D:3      | Reached skill level 7 in Fighting
  1546 | D:3      | Reached skill level 1 in Slings
  1702 | D:3      | Found a shimmering altar of Xom.
  1702 | D:3      | Found a shimmering altar of Xom.
  1702 | D:3      | Found a shimmering altar of Xom.
  1705 | D:3      | Found a shimmering altar of Xom.
  1707 | D:3      | Found a shimmering altar of Xom.
  2259 | D:4      | Reached XP level 6. HP: 61/61 MP: 5/5
  2452 | D:4      | Reached skill level 8 in Fighting
  3091 | D:4      | Reached skill level 9 in Fighting
  3324 | D:5      | Entered Level 5 of the Dungeon
  3420 | D:5      | Reached XP level 7. HP: 39/70 MP: 6/6
  4135 | D:5      | Reached skill level 10 in Fighting
  4175 | D:5      | Found a glowing golden altar of the Shining One.
  4514 | D:6      | Reached skill level 11 in Fighting
  4517 | D:6      | Reached XP level 8. HP: 76/82 MP: 7/7
  4594 | D:6      | Noticed Duvessa
  4595 | D:6      | Noticed Dowan
  4606 | D:6      | Killed Duvessa
  4619 | D:6      | Killed Dowan
  4872 | D:6      | Noticed Edmund
  4884 | D:6      | Killed Edmund
  4947 | D:6      | Found a bloodstained altar of Trog.
  4947 | D:6      | Noticed Prince Ribbit
  4948 | D:6      | Noticed a wizard
  4954 | D:6      | Killed a wizard
  4955 | D:6      | Killed Prince Ribbit
  4955 | D:6      | Reached skill level 12 in Fighting
  4955 | D:6      | Reached skill level 5 in Maces & Flails
  4959 | D:6      | Became a worshipper of Trog the Wrathful
  5386 | D:6      | Found a staircase to the Ecumenical Temple.
  5626 | Temple   | Entered the Ecumenical Temple
  5927 | D:7      | Found a hide-covered altar of Uskayaw.
  5935 | D:7      | Reached XP level 9. HP: 89/91 MP: 8/8
  6054 | D:7      | Reached skill level 5 in Armour
  6169 | D:7      | Reached * piety under Trog
  6529 | D:7      | Reached skill level 1 in Long Blades
  6661 | D:7      | Found a shattered altar of Ashenzari.
  6866 | D:7      | Noticed Grum
  6873 | D:7      | Killed Grum
  7152 | D:8      | Found a glowing silver altar of Zin.
  7379 | D:8      | Reached ** piety under Trog
  7394 | D:8      | Reached skill level 13 in Fighting
  7526 | D:8      | Reached XP level 10. HP: 101/101 MP: 9/9
  7867 | D:9      | Noticed Erica
  7874 | D:9      | Killed Erica
  7874 | D:9      | Reached skill level 10 in Maces & Flails
  8191 | D:9      | Found a burning altar of Makhleb.
  8240 | D:9      | Found a staircase to the Lair.
  8360 | Lair:1   | Entered Level 1 of the Lair of Beasts
  8360 | Lair:1   | Noticed a spiny frog
  8367 | Lair:1   | Killed a spiny frog
  8376 | Lair:1   | Noticed a spiny frog
  8387 | Lair:1   | Killed a spiny frog
  8578 | Lair:1   | Noticed a spiny frog
  8588 | Lair:1   | Killed a spiny frog
  8806 | Lair:1   | Noticed a spiny frog
  8807 | Lair:1   | Noticed a spiny frog
  8827 | Lair:1   | HP: 5/102 [poisoned by a spiny frog]
  8828 | Lair:1   | HP: 2/102 [spiny frog (1)]
  8829 | Lair:1   | Succumbed to a spiny frog's poison

Levels and vault maps discovered:
D:1:      saegor_arrival_under_anarchy, layout_rooms, serial_bayou_ford_a
D:2:      layout_loops_cross, nemelex_xobeh_ov_fountains_minmay,
          grunt_gozag_breadcrumbs, kennysheep_generic_room_2, uniq_jessica
D:3:      layout_basic, xom_redecorated, serial_park_tiny_1
D:4:      layout_basic
D:5:      layout_loops_corners, first_ration, hangedman_abyss_or_decor_slice,
          tso_altar
D:6:      layout_basic, minmay_temple_entry_glassed_door, serial_park_tiny_1,
          st_stairs_1, trog_wizard, uniq_edmund, uniq_prince_ribbit1,
          uniq_duvessa
D:7:      layout_cave_pods, eat_drink_and_be_merry_uskayaw, lemuel_doored_altar,
          serial_gnoll_camp, grums_kennel, gnoll_camp_mini_basic,
          gnoll_camp_mini_loothouse, gnoll_camp_mini_hut, minmay_misc_feat_doors
D:8:      layout_gridville, nicolae_overflow_crystal_walls
D:9:      layout_loops_ring, makhleb_grotto_becter, lair_entry_dummy, uniq_erica
Temple:   regret_index_temple_generic_petals
Lair:1:   layout_cave_pods, basic_altar, cheibrodos_lair_lostbears,
          lemuel_fruit_tree, serial_bayou_shore_b, serial_bayou_shore_a,
          grunt_megastairs_2

Skill      XL: |  1  2  3  4  5  6  7  8  9 10 |
---------------+-------------------------------+-----
Fighting       | 4 5 6 7 9 11 12 13 | 13.9
Slings         | 1 |  1.5
Maces & Flails | 3 6 9 11 | 11.0
Armour         | 4 5 6 |  6.8
Long Blades    | 3 4 |  4.9
Throwing       | |  0.1
Dodging        | |  0.4
Shields        | |  3.6

Action                   |  1- 3 |  4- 6 |  7- 9 | 10-12 || total
-------------------------+-------+-------+-------+-------++-------
Melee: Flail             |    95 |   146 |   277 |   123 ||   641
       Headbutt          |    12 |    29 |    48 |    24 ||   113
       Hunting sling     |       |     1 |       |       ||     1
 Fire: Hunting sling     |       |    32 |    23 |       ||    55
Throw: Dart              |       |       |     1 |       ||     1
Invok: Berserk           |       |       |     1 |       ||     1
  Use: Scroll            |       |     2 |     6 |     2 ||    10
       Potion            |       |       |     4 |       ||     4
 Stab: Invisible         |       |       |     1 |       ||     1
  Eat: Chunk             |     1 |     7 |    14 |     4 ||    26
Armor: Scale mail        |    34 |    62 |   131 |    67 ||   294
       Chain mail        |       |       |     4 |       ||     4
Dodge: Dodged            |    25 |    35 |    88 |    24 ||   172
Block: Shield            |    44 |    63 |   150 |    23 ||   280
